 Dungeon Crawl Stone Soup version 0.20.1-1-g8b1a95d (webtiles) character file.

258 Golfball the Skirmisher (level 6, -6/40 HPs)
             Began as a Gargoyle Fighter on Aug 7, 2017.
             Was a Follower of Cheibriados.
             Mangled by Lucherd's ghost (8 damage)
             ... on level 4 of the Dungeon.
             The game lasted 00:12:41 (3063 turns).

Golfball the Skirmisher (Gargoyle Fighter)          Turns: 3063, Time: 00:12:41

Health: -6/40      AC: 17    Str: 25    XL:     6   Next: 16%
Magic:  1/6        EV:  5    Int: 11    God:    Cheibriados [*.....]
Gold:   142        SH: 10    Dex: 12    Spells: 5/5 levels left

rFire    . . .     SeeInvis .   a - +0 flail
rCold    . . .     Gourm    .   c - +0 shield
rNeg     + . .     Faith    .   s - +0 chain mail
rPois    ∞         Spirit   .   p - +1 helmet
rElec    +         Reflect  .   (no cloak)
rCorr    .         Harm     .   t - +1 pair of gloves {Str+3}
MR       .....                  (no boots)
Stlth    ..........             (no amulet)
Regen    0.2/turn               (no ring)
MPRegen  0.1/turn               (no ring)

@: very slow
A: negative energy resistance 1, electricity resistance, unbreathing,
petrification resistance, rot immunity, AC +4
a: Bend Time, Renounce Religion


You were on level 4 of the Dungeon.
You worshipped Cheibriados.
Cheibriados was aware of your devotion.
You were not hungry.

You visited 1 branch of the dungeon, and saw 4 of its levels.

You collected 142 gold pieces.

Inventory:

Hand Weapons
 a - a +0 flail (weapon)
Missiles
 e - 3 tomahawks (quivered)
Armour
 b - a +2 leather armour of fire resistance
 c - a +0 shield (worn)
 n - a cursed +0 plate armour
 p - a +1 helmet (worn)
 s - a +0 chain mail (worn)
 t - a +1 pair of gloves of strength (worn)
Wands
 j - a wand of polymorph (11/24)
 u - a wand of disintegration (17/24)
Potions
 d - 2 potions of might
 i - a potion of invisibility
 l - 2 potions of magic {unknown}
 m - a potion of flight {unknown}
 o - a potion of lignification {unknown}
 q - 2 potions of curing {unknown}
 r - a potion of ambrosia {unknown}
Comestibles
 f - 3 bread rations
 g - 2 chunks of flesh
 h - 3 meat rations
 k - 3 fruits


   Skills:
 + Level 5.5 Fighting
 + Level 4.7 Maces & Flails
 - Level 3.2 Armour
 - Level 3.2 Shields


You had 5 spell levels left.
You didn't know any spells.

Dungeon Overview and Level Annotations

Branches:
Dungeon (4/15)
 Temple: D:4-7

Altars:
Cheibriados
Uskayaw
Xom
Yredelemnul
The Shining One

Annotations:
D:4 Lucherd's ghost, amateur DsFi


Innate Abilities, Weirdness & Mutations

You are resistant to torment.
Your stone body is resilient. (AC +4)
You are immune to poison.
You resist negative energy. (rN+)
You are resistant to electric shocks. (rElec)
You can survive without breathing.
You are immune to petrification.
You are immune to rotting.


Message History

You block the leopard gecko's attack. Lucherd's ghost hits you.
You block the leopard gecko's attack.
You closely miss Lucherd's ghost.
Lucherd's ghost is heavily damaged.
You block Lucherd's ghost's attack.
The leopard gecko bites you but does no damage.
The rat bites you but does no damage. The leopard gecko barely misses you.
You hit Lucherd's ghost.
Lucherd's ghost is heavily damaged.
You block Lucherd's ghost's attack. The leopard gecko bites you.
* * * LOW HITPOINT WARNING * * *
The leopard gecko bites you.
* * * LOW HITPOINT WARNING * * *
The rat bites you but does no damage. Lucherd's ghost hits you!
* * * LOW HITPOINT WARNING * * *
You sock Lucherd's ghost!
Lucherd's ghost is almost destroyed.
The leopard gecko bites you but does no damage. x2
Lucherd's ghost hits you!
You die...

#. ##.##
##..####.#
.........#
#...###'###
##'.......#
≈≈≈#.......#
≈≈≈#.......#
##'..ll...####
#...lW@.......#
......r........#
......../......#
#####..#.......#
##.#.......#
#.#.......#
#.........# ##
.....=.


You could see Lucherd's ghost, 3 leopard geckos and a rat.

Vanquished Creatures
  A hound (D:4)
  Jessica (D:2)
  A worker ant (D:4)
  A hound skeleton (D:3)
  Robin (D:2)
  A gnoll (D:1)
  6 adders
  2 worms
  A dart slug (D:1)
  3 leopard geckos
  An orc (D:3)
  9 bats
  4 giant cockroaches
  14 goblins
  15 hobgoblins
  A ball python (D:1)
  2 frilled lizards (D:1)
  9 kobolds
  7 rats
80 creatures vanquished.

Notes
Turn   | Place    | Note
-------+----------+-------------------------------------------
     0 | D:1      | Golfball the Gargoyle Fighter began the quest for the Orb.
     0 | D:1      | Reached XP level 1. HP: 14/14 MP: 1/1
     3 | D:1      | Noticed an electric eel
     3 | D:1      | Noticed an electric eel
   331 | D:1      | Reached XP level 2. HP: 19/19 MP: 2/2
   529 | D:1      | Reached XP level 3. HP: 19/24 MP: 3/3
   922 | D:2      | Noticed Jessica
   932 | D:1      | Reached skill level 4 in Fighting
  1183 | D:2      | Killed Jessica
  1183 | D:2      | Reached XP level 4. HP: 20/30 MP: 4/4
  1242 | D:2      | Noticed Robin
  1257 | D:2      | Killed Robin
  1570 | D:2      | Found a shimmering altar of Xom.
  1626 | D:2      | Found a hide-covered altar of Uskayaw.
  1672 | D:2      | Found a basalt altar of Yredelemnul.
  1796 | D:2      | Found a snail-covered altar of Cheibriados.
  1796 | D:2      | Found a glowing golden altar of the Shining One.
  1858 | D:2      | Reached XP level 5. HP: 34/34 MP: 5/5
  1909 | D:2      | Became a worshipper of Cheibriados the Contemplative
  2176 | D:3      | Reached skill level 5 in Fighting
  2354 | D:3      | Reached * piety under Cheibriados
  2611 | D:3      | Found a shimmering altar of Xom.
  2936 | D:4      | Reached XP level 6. HP: 40/40 MP: 6/6
  3050 | D:4      | Noticed Lucherd's ghost (amateur DsFi)
  3062 | D:4      | HP: 1/40 [Lucherd's ghost (9)]
  3063 | D:4      | Mangled by Lucherd's ghost

Skill      XL: |  1  2  3  4  5 |
---------------+----------------+-----
Maces & Flails | 3 4 |  4.7
Fighting       | 4 5 |  5.5
Armour         | |  3.2
Shields        | |  3.2

Action                   |  1- 3 |  4- 6 || total
-------------------------+-------+-------++-------
Melee: Flail             |   152 |   215 ||   367
       Unarmed           |       |     3 ||     3
Invok: Bend Time         |       |     2 ||     2
Evoke: Wand              |       |     1 ||     1
  Use: Scroll            |       |     7 ||     7
  Eat: Chunk             |     1 |     6 ||     7
Armor: Scale mail        |   146 |    48 ||   194
       Skin              |       |     1 ||     1
       Chain mail        |       |   172 ||   172
Dodge: Dodged            |    91 |    98 ||   189
Block: Shield            |   133 |   169 ||   302
